 Dungeon Crawl Stone Soup version 0.18-a0-1211-g828307d (webtiles) character file.

4608 ololoev the Destroyer (level 10, -2/54 HPs)
             Began as a Deep Elf Fire Elementalist on Feb 2, 2016.
             Was an Elder of Sif Muna.
             Shot with a bolt by an orc warrior (13 damage)
             ... in a bailey.
             The game lasted 00:34:56 (2960 turns).

ololoev the Destroyer (Deep Elf Fire Elementalist)  Turns: 2960, Time: 00:34:56

Health: -2/54      AC: 16    Str:  5    XL:     10   Next: 19%
Magic:  6/24       EV: 13    Int: 24    God:    Sif Muna [****..]
Gold:   755        SH:  0    Dex: 12    Spells: 5 memorised, 10 levels left

rFire  . . .     SeeInvis .     a - +4 trident
rCold  + + .     Gourm    .     t - +0 robe
rNeg   . . .     Faith    .     (no shield)
rPois  .         Spirit   .     m - +1 helmet
rElec  .         Dismiss  .     y - +0 cloak
rCorr  .         Reflect  .     b - +0 pair of gloves
SustAt .         Harm     .     f - +0 pair of boots
MR     +....                    (no amulet)
Stlth  +++.......               (no ring)
                                j - ring of stealth

@: very slightly contaminated, hasted, very quick, somewhat resistant to hostile
enchantments, fairly stealthy
A: iridescent scales 1, rough black scales 1, rugged brown scales 1, clumsy 1,
cold resistance 2
a: Channel Energy, Forget Spell, Renounce Religion


Innate Abilities, Weirdness & Mutations

You are partially covered in iridescent scales (AC +4).
You are partially covered in rough black scales (AC +4, Dex -1).
You are partially covered in rugged brown scales (AC +1, +3% HP).
You are clumsy. (Dex -2)
Your flesh is very cold resistant.

Inventory:

Hand Weapons
 a - a +4 trident (weapon)
Armour
 b - a +0 pair of gloves (worn)
 f - a +0 pair of boots (worn)
 m - a +1 helmet (worn)
 t - a +0 robe (worn)
 w - a +1 shield of positive energy
 y - a +0 cloak (worn)
 B - a +0 robe of magic resistance
Jewellery
 j - a ring of stealth (left hand)
Wands
 h - a wand of flame (12/48)
 k - a wand of enslavement (11/24)
 o - a wand of enslavement (6/24)
Scrolls
 e - 2 scrolls of remove curse
 l - a scroll of amnesia
Potions
 d - a potion of curing
 i - 2 potions of might
 n - 2 potions of brilliance {unknown}
 r - 2 potions of haste
 s - a potion of cancellation
 u - 2 potions of magic {unknown}
 x - a potion of invisibility {unknown}
 z - a potion of berserk rage {unknown}
Books
 g - a book of the Tempests

   Spells                             Type                      Level
   a - Static Discharge               Conjuration/Air              3
   b - Lightning Bolt                 Conjuration/Air              5
   c - Fireball                       Conjuration/Fire             5
   d - Tornado                        Air                          9
   e - Shatter                        Earth                        9
Comestibles
 c - 2 bread rations
 p - 25 fruits
 A - a chunk of flesh


   Skills:
 + Level 2.1 Fighting
 + Level 4.2 Dodging
 - Level 2.4 Stealth
 + Level 8.6 Spellcasting
 * Level 9.5 Conjurations
 * Level 9.5 Fire Magic
 + Level 5.5 Invocations


You had 10 spell levels left.
You knew the following spells:

 Your Spells              Type           Power        Failure   Level  Hunger
a - Flame Tongue          Conj/Fire      #####        1%          1    None
b - Conjure Flame         Conj/Fire      ######..     1%          3    None
c - Sticky Flame          Conj/Fire      ######..     1%          4    ##.....
d - Fireball              Conj/Fire      ######....   3%          5    ####...
e - Inner Flame           Hex/Fire       ####....     2%          3    None
 You were in a bailey. You worshipped Sif Muna. Sif Muna was greatly pleased with you. You were very hungry. You visited 3 branches of the dungeon, and saw 13 of its levels. You also visited: Bailey. You collected 755 gold pieces. ### ### #########∩###########.## ##.).%(##.(.##...o.##...# #..≈≈≈.(#o.(#.o≈≈≈o.#...# #.≈≈)≈≈...@...≈≈)≈≈.#...# ..o.≈.[)≈......o≈)))≈.(o..# ...#.≈≈)≈≈.......≈≈)≈≈.#...# /. #..≈≈≈..#...#..≈≈≈.%#..(# (              ##.....##.∩.##.....##..[# #########∩###########.##   ###  ###

Notes
Turn   | Place    | Note
--------------------------------------------------------------
     0 | D:1      | ololoev the Deep Elf Fire Elementalist began the quest for the Orb.
     0 | D:1      | Reached XP level 1. HP: 10/10 MP: 6/6
   192 | D:2      | Reached XP level 2. HP: 15/15 MP: 6/8
   343 | D:4      | Noticed a scorpion
   351 | D:4      | Killed a scorpion
   351 | D:4      | Reached skill level 4 in Spellcasting
   351 | D:4      | Reached XP level 3. HP: 19/19 MP: 0/10
   351 | D:4      | Reached XP level 4. HP: 24/24 MP: 0/12
   356 | D:4      | Learned a level 3 spell: Conjure Flame
   361 | D:4      | Learned a level 4 spell: Sticky Flame
   361 | D:4      | Found a bloodstained altar of Trog.
   379 | D:5      | Entered Level 5 of the Dungeon
   417 | D:4      | Noticed an ogre
   424 | D:4      | Killed an ogre
   424 | D:4      | Reached XP level 5. HP: 28/28 MP: 2/13
   428 | D:4      | Noticed a phantom
   431 | D:4      | Learned a level 3 spell: Inner Flame
   469 | D:4      | Found an opulent altar of Gozag.
   502 | D:4      | Killed a phantom
   536 | D:4      | Found a glowing golden altar of the Shining One.
   543 | D:4      | Noticed an ogre
   551 | D:4      | Reached skill level 5 in Spellcasting
   551 | D:4      | Reached XP level 6. HP: 29/32 MP: 4/15
   570 | D:4      | Reached skill level 5 in Conjurations
   634 | D:4      | Found a staircase to the Ecumenical Temple.
   644 | D:4      | Reached skill level 5 in Fire Magic
   658 | Temple   | Entered the Ecumenical Temple
   709 | Temple   | Became a worshipper of Sif Muna the Loreminder
   754 | D:4      | Found a bloodstained altar of Trog.
   933 | D:5      | Learned a level 5 spell: Fireball
   954 | D:5      | Reached skill level 1 in Invocations
   954 | D:5      | Reached XP level 7. HP: 36/36 MP: 8/17
  1045 | D:5      | Found a shadowy altar of Dithmenos.
  1051 | D:5      | Found a sparkling altar of Nemelex Xobeh.
  1052 | D:5      | Found an oddly glowing altar of Pakellas.
  1055 | D:5      | Found a burning altar of Makhleb.
  1114 | D:5      | Noticed a troll
  1147 | D:5      | Killed a troll
  1147 | D:5      | Reached * piety under Sif Muna
  1147 | D:5      | Reached skill level 6 in Spellcasting
  1158 | D:5      | Found a radiant altar of Vehumet.
  1186 | D:5      | Reached XP level 8. HP: 41/41 MP: 6/19
  1370 | D:7      | Reached skill level 7 in Conjurations
  1390 | D:6      | Gained mutation: You have sharp toenails. [mutagenic meat]
  1391 | D:6      | Gained mutation: Your flesh is cold resistant. [mutagenic meat]
  1392 | D:6      | Gained mutation: You are frail (-10% HP). [mutagenic meat]
  1393 | D:6      | Gained mutation: You are partially covered in rough black scales (AC +4, Dex -1). [mutagenic meat]
  1527 | D:7      | Reached ** piety under Sif Muna
  1538 | D:7      | Found a blossoming altar of Fedhas.
  1705 | D:8      | Gained mutation: You are weak. (Str -2) [mutagenic meat]
  1706 | D:8      | Gained mutation: Armour fits poorly on your strangely shaped body. [mutagenic meat]
  1708 | D:8      | Lost mutation: You are weak. (Str -2) [mutagenic meat]
  1709 | D:8      | Gained mutation: You are partially covered in rugged brown scales (AC +1, +3% HP). [mutagenic meat]
  1806 | D:8      | Reached XP level 9. HP: 18/41 MP: 6/21
  1822 | D:8      | Reached skill level 8 in Conjurations
  1836 | D:8      | Gained mutation: You are clumsy. (Dex -2) [mutagenic meat]
  1837 | D:8      | Lost mutation: Armour fits poorly on your strangely shaped body. [mutagenic meat]
  1838 | D:8      | Gained mutation: Your body sometimes deteriorates upon taking damage. [mutagenic meat]
  1840 | D:8      | Lost mutation: You have sharp toenails. [mutagenic meat]
  1948 | D:8      | Lost mutation: Your body sometimes deteriorates upon taking damage. [mutagenic meat]
  1949 | D:8      | Gained mutation: Your flesh is very cold resistant. [mutagenic meat]
  1950 | D:8      | Gained mutation: You are partially covered in iridescent scales (AC +4). [mutagenic meat]
  2012 | D:8      | Reached *** piety under Sif Muna
  2111 | D:9      | Found a staircase to the Orcish Mines.
  2119 | D:9      | Lost mutation: You are frail (-10% HP). [mutagenic meat]
  2122 | D:9      | Found Febur's Armour Emporium.
  2156 | Orc:1    | Entered Level 1 of the Orcish Mines
  2156 | Orc:1    | Found a roughly hewn altar of Beogh.
  2273 | Orc:1    | Reached skill level 1 in Fighting
  2337 | Orc:2    | Entered Level 2 of the Orcish Mines
  2337 | Orc:2    | Found Otwydd's Weapon Shoppe.
  2426 | Orc:2    | Reached skill level 5 in Invocations
  2434 | Orc:2    | Noticed an orc knight
  2516 | D:9      | Reached skill level 9 in Fire Magic
  2583 | D:9      | Found a shimmering altar of Xom.
  2589 | D:9      | Noticed a troll
  2589 | D:9      | Killed a troll
  2709 | D:9      | Found a sparkling altar of Nemelex Xobeh.
  2847 | D:10     | Entered Level 10 of the Dungeon
  2884 | D:10     | Found a flagged portal.
  2909 | Bailey   | Entered a bailey
  2912 | Bailey   | Reached XP level 10. HP: 53/53 MP: 11/24
  2913 | Bailey   | Noticed an orc knight
  2915 | Bailey   | Reached **** piety under Sif Muna
  2922 | Bailey   | Killed an orc knight
  2941 | Bailey   | Noticed an orc knight
  2960 | Bailey   | Shot with a bolt by an orc warrior

Dungeon Overview and Level Annotations

Branches:
Dungeon (10/15)            Temple (1/1) D:4             Orc (2/2) D:9
   Lair: D:8-11         Elf: Orc:2

Altars:
Ashenzari
Cheibriados
Dithmenos
Fedhas
Gozag
Makhleb
Nemelex Xobeh
Okawaru
Pakellas
Sif Muna
Trog
Vehumet
Xom
Zin
The Shining One
Beogh

Shops:
D:9 [   Orc:2 (


Message History

The orc knight roars a battlecry!
The orc warriors go into a battle-frenzy!
The orc knight misses you.
Found a chunk of flesh.
The orc warrior shoots a bolt.
The bolt closely misses you.
Found a runed shield, 30 stones and a glowing ring mail.
Unknown command.
Unknown command.
The orc warrior shoots a bolt.
The bolt closely misses you.
Found an embroidered robe.
There is an open door here.
You see here a bolt.
There's something blocking the doorway.
Unknown command.
You see here an embroidered robe.
B - an embroidered robe Read which item? (? for menu, Esc to quit)
As you read the scroll of teleportation, it crumbles to dust.
You feel strangely unstable.
You see here a runed shield.
w - a runed shield The orc knight hits you from afar with a halberd.
You see here 30 stones.
Your surroundings suddenly seem different.
The orc warrior shoots a bolt.
The bolt hits you!
You see here a bolt.
Drink which item? (? for menu, Esc to quit)
You feel better.
Read which item? (? for menu, Esc to quit)
As you read the scroll labeled ASI MAHUDEFUSS, it crumbles to dust.
You hear a loud clanging noise!
It was a scroll of noise.
The orc warrior shoots a bolt.
The bolt barely misses you.
Read which item? (? for menu, Esc to quit)
As you read the scroll labeled ZUKHOTR HACKO, it crumbles to dust.
It is a scroll of enchant weapon.
Enchant which weapon? (? for menu, Esc to quit)
Your +3 trident glows red for a moment.
The orc warrior shoots a bolt.
The bolt hits you!
You die...

You could see 4 orc warriors.

Vanquished Creatures
  An orc knight (Bailey)
  A troll (D:5)
  A hippogriff (D:9)
  An ice beast (D:8)
  10 orc warriors
  6 sky beasts
  A necrophage (D:8)
  A black bear (D:8)
  A wasp (D:8)
  3 phantoms
  5 ogres
  2 centaurs
  A big kobold (D:9)
  A giant frog (D:8)
  2 scorpions
  3 crimson imps
  A centaur zombie (D:5)
  A hound (D:8)
  3 jellies
  3 giant frog skeletons
  4 orc priests
  A centaur skeleton (D:7)
  6 orc wizards
  An iguana (D:8)
  3 worker ants
  A worker ant zombie (D:5)
  2 gnolls (D:10)
  5 adders
  A shadow imp (D:9)
  An ooze (D:2)
  2 adder skeletons
  29 orcs
  3 giant cockroaches
  3 goblins
  2 hobgoblins (D:2)
  A jackal (D:4)
  2 kobolds
  A quokka (D:2)
  3 bats
  A giant cockroach zombie (D:5)
  A giant newt (D:3)
  2 rats (D:1)
123 creatures vanquished.

Vanquished Creatures (collateral kills)
  An orc (D:4)
  A quokka (D:4)
2 creatures vanquished.

Vanquished Creatures (others)
  A troll (D:9)
  2 giant frogs (D:9)
  A worker ant (D:9)
  A giant newt (D:1)
5 creatures vanquished.

Grand Total: 130 creatures vanquished

Action                   |  1- 3 |  4- 6 |  7- 9 | 10-12 || total
-------------------------+-------+-------+-------+-------++-------
Melee: Unarmed           |     1 |     5 |     3 |       ||     9
       Hand axe          |       |       |     2 |       ||     2
       Trident           |       |       |    19 |       ||    19
 Cast: Flame Tongue      |    30 |    50 |    84 |     1 ||   165
       Conjure Flame     |       |     3 |    16 |       ||    19
       Sticky Flame      |       |     1 |    20 |       ||    21
       Fireball          |       |       |    38 |     5 ||    43
       Inner Flame       |       |       |     5 |     1 ||     6
Invok: Channel Energy    |       |       |   106 |     6 ||   112
Evoke: Wand              |       |     1 |       |       ||     1
  Use: Scroll            |       |       |     6 |     4 ||    10
       Potion            |       |       |     3 |     2 ||     5
  Eat: Chunk             |       |       |    43 |     1 ||    44
       Meat ration       |       |       |     1 |       ||     1
       Fruit             |       |       |     1 |       ||     1
       Bread ration      |       |       |     1 |       ||     1
       Royal jelly       |       |       |     1 |       ||     1

Vault maps used:
D:1:      shiori_arrival_oz
D:2:      grunt_temple_overflow_growth_and_decay,
          nicolae_qazlal_style_of_elements
D:3:      kennysheep_ying_yang, first_bread, nicolae_ru_the_path_less_chosen
D:4:      nicolae_overflow_crystal_walls, marbit_many_paths, tso_oasis_becter,
          minmay_temple_entry_junction, bloody_trog, uniq_crazy_yiuf_cottage
D:5:      minitemple, nicolae_overflow_hidden_temple, hangedman_feature_mirror,
          grunt_ministairs_5
D:7:      kennysheep_spiral_hall, fedhas_altar_1
D:9:      xom_confusion_cloud, orc_david_3, blue_anna_alchemist,
          kb_lookout_dungeons_type, nemelex_spade_bored_becter
D:10:     enter_trove_6, lightli_bailey_entry_fortress,
          kennysheep_generic_room_8
Temple:   nicolae_temple_hex_pool_5
Orc:1:    basic_altar
Orc:2:    st_orc_mages, serial_shops, shop
Bailey:   bailey_polearm_4, bailey
